 Dungeon Crawl Stone Soup version 0.30-a0-782-ge64f9170bb (webtiles) character file.

Game seed: 12223110015746056616

7309 HoaS the Carver (level 10, -4/91 HPs)
             Began as a Minotaur Berserker on Feb 19, 2023.
             Was a High Priest of Trog.
             Slain by a sun demon (19 damage)
             ... summoned by a kobold demonologist
             ... on level 10 of the Dungeon.
             The game lasted 00:22:05 (8410 turns).

HoaS the Carver (Minotaur Berserker)                Turns: 8410, Time: 00:22:05

Health: -4/91      AC:  8    Str: 22    XL:     10   Next: 90%
Magic:  9/9        EV: 16    Int:  4    God:    Trog [*****.]
Gold:   1756       SH:  0    Dex: 20    Spells: 9/9 levels left

rFire   . . .      SeeInvis .    o - +1 long sword (spect)
rCold   . . .      Faith    .    (no shield)
rNeg    . . .      Spirit   .    j - +0 plate armour
rPois   .          Reflect  .    (helmet restricted)
rElec   .          Harm     .    (no cloak)
rCorr   .          Rampage  .    c - +1 pair of gloves
Will    .....                    (no boots) Stlth
                                 (no amulet)
HPRegen 0.35/turn                i - +5 ring of evasion
MPRegen 0.11/turn                p - +6 ring of dexterity

@: corroded
A: horns 2, retaliatory headbutt
a: Renounce Religion, Berserk, Trog's Hand, Brothers in Arms


You were on level 10 of the Dungeon.
You worshipped Trog.
Trog was extremely pleased with you.
You visited 1 branch of the dungeon, and saw 10 of its levels.

You collected 1756 gold pieces.

Inventory:

Hand Weapons
 o - a +1 spectral long sword (weapon)
Armour
 c - a +1 pair of gloves (worn)
 j - a +0 plate armour (worn)
 s - +0 steam dragon scales
Jewellery
 i - a +5 ring of evasion (left hand)
 p - a +6 ring of dexterity (right hand)
 u - an amulet of regeneration
Wands
 q - a wand of flame (5)
Scrolls
 a - a scroll of teleportation {unknown}
 e - a scroll of poison
 l - a scroll of summoning
Potions
 b - a potion of might
 d - a potion of attraction
 f - a potion of flight {unknown}
 g - 2 potions of haste
 h - 6 potions of curing
 k - 3 potions of heal wounds
 m - 3 potions of mutation
 n - 2 potions of resistance
 r - 2 potions of lignification


   Skills:
 + Level 9.3 Fighting
 - Level 14.0 Long Blades
 + Level 8.9 Armour
 + Level 8.1 Dodging


You had 9 spell levels left.
You didn't know any spells.
Your spell library was empty.

Dungeon Overview and Level Annotations

Branches:
Dungeon (10/15)            Temple (0/1) D:7            Lair (0/5) D:10
    Orc (0/2) D:9

Altars:
Ashenzari
Kikubaaqudgha
Qazlal
Ru
Sif Muna
Uskayaw
Wu Jian
Yredelemnul

Annotations:
D:9 2 runed translucent doors, kae's ghost, journeyman GrEE


Innate Abilities, Weirdness & Mutations

You have a pair of horns on your head.
You reflexively headbutt those who attack you in melee.


Message History

The sun demon hits you but does no damage.
You hit the kobold demonologist but do no damage.
Your headbutt misses the kobold demonologist.
The kobold demonologist hits you but does no damage.
The ufetubus barely misses you. The ufetubus closely misses you.
You hit the kobold demonologist.
The kobold demonologist is lightly wounded.
The sun demon barely misses you. You furiously retaliate!
You headbutt the sun demon, but do no damage.
The rust devil misses you. The ufetubus closely misses you.
The ufetubus completely misses you.
The kobold demonologist closely misses you.
You slash the kobold demonologist!
The kobold demonologist is moderately wounded.
The sun demon hits you!!
You are engulfed in flames!
The ufetubus misses you. You furiously retaliate!
You headbutt the ufetubus!
You kill the ufetubus!
The ufetubus disappears in a puff of smoke!
The rust devil barely misses you.
You hit the kobold demonologist but do no damage.
The kobold demonologist is moderately wounded.
The kobold demonologist closely misses you.
The sun demon hits you but does no damage.
You hit the kobold demonologist but do no damage.
The kobold demonologist is moderately wounded.
The rust devil misses you. The kobold demonologist misses you.
You furiously retaliate!
You headbutt the kobold demonologist, but do no damage.
The sun demon misses you.
You hit the kobold demonologist.
The kobold demonologist is moderately wounded.
The rust devil closely misses you. The sun demon hits you.
You are engulfed in flames!
The kobold demonologist hits you but does no damage.
You hit the kobold demonologist.
The kobold demonologist is heavily wounded.
The rust devil hits you. The rust devil corrodes you! The sun demon hits you!
* * * LOW HITPOINT WARNING * * *
You are engulfed in flames!!
You die...

# #.. ##### #.#### #...# #.##..
#...# #.##.# #...# #######.##.#
#.K3# #....##.##.# #.4@#
#....##.##.# ############ #...#
#........... ...........# #§§.#
#..........#
####.......###...#####..####.####
...#..>..............+..#†...†..#
##.#'#....############..#.†.....#
.#.....##...............#†......#
.#.....##.#############....._....
.......##..# ###.......#


You could see a sun demon (summoned), a rust devil (summoned) and a kobold
demonologist.

Vanquished Creatures
  A centaur warrior (D:10)
  A two-headed ogre (D:9)
  A kobold demonologist (D:5)
  A troll (D:10)
  Grinder (D:5)
  A shadow (D:9)
  4 yaks (D:8)
  A wyvern (D:8)
  A steam dragon (D:8)
  Menkaure (D:7)
  Duvessa (D:7)
  2 water moccasins
  8 orc warriors
  2 black bears
  A sky beast (D:6)
  An ice beast (D:5)
  3 ogres
  3 centaurs
  2 phantoms
  2 kobold brigands
  4 bullfrogs
  2 gnoll sergeants
  2 scorpions
  5 wights (D:8)
  Dowan (D:7)
  An electric eel (D:9)
  2 quasits (D:6)
  5 hounds
  A jelly (D:7)
  9 orc priests
  2 gnoll boudas (D:6)
  2 iguanas
  10 orc wizards
  10 adders
  20 gnolls
  6 shadow imps
  2 white imps (D:6)
  An ufetubus (D:6)
  A worm (D:2)
  4 dart slugs
  33 orcs
  7 ball pythons
  7 endoplasms
  2 giant cockroaches
  2 goblins
  4 hobgoblins
  2 jackals (D:1)
  A quokka (D:1)
  3 bats
  4 frilled lizards
  14 kobolds
  6 rats
213 creatures vanquished.

Vanquished Creatures (others)
  An orc (D:9)
  3 demonic plants (D:6)
4 creatures vanquished.

Grand Total: 217 creatures vanquished

Notes
Turn   | Place    | Note
-------+----------+-------------------------------------------
     0 | D:1      | HoaS the Minotaur Berserker began the quest for the Orb.
     0 | D:1      | Reached XP level 1. HP: 19/19 MP: 0/0
   171 | D:1      | Reached skill level 4 in Long Blades
   245 | D:1      | Reached XP level 2. HP: 26/26 MP: 1/1
   547 | D:2      | Identified a scroll of acquirement
   547 | D:2      | Acquired 1167 gold pieces
   567 | D:2      | Reached skill level 5 in Long Blades
   567 | D:2      | Reached XP level 3. HP: 25/31 MP: 2/2
   723 | D:2      | Reached ** piety under Trog
   885 | D:2      | Found an ancient bone altar of Kikubaaqudgha.
   971 | D:2      | Reached skill level 6 in Long Blades
   971 | D:2      | Reached XP level 4. HP: 20/39 MP: 3/3
  1743 | D:3      | Reached skill level 7 in Long Blades
  1743 | D:3      | Reached XP level 5. HP: 45/45 MP: 4/4
  2108 | D:4      | Noticed an ogre
  2159 | D:4      | Killed an ogre
  2160 | D:4      | Reached skill level 8 in Long Blades
  2215 | D:4      | Found a sacrificial altar of Ru.
  2231 | D:4      | Noticed a phantom
  2237 | D:4      | Reached XP level 6. HP: 46/51 MP: 5/5
  2298 | D:4      | Reached skill level 9 in Long Blades
  2497 | D:5      | Entered Level 5 of the Dungeon
  2612 | D:5      | Noticed a kobold demonologist
  2623 | D:5      | Killed a kobold demonologist
  2624 | D:5      | Reached skill level 10 in Long Blades
  2624 | D:5      | Reached XP level 7. HP: 51/57 MP: 6/6
  2664 | D:5      | Reached skill level 11 in Long Blades
  2769 | D:5      | Noticed Grinder
  2778 | D:5      | Killed Grinder
  2779 | D:5      | Reached skill level 12 in Long Blades
  2779 | D:5      | Reached XP level 8. HP: 57/64 MP: 7/7
  2929 | D:5      | Reached *** piety under Trog
  3342 | D:6      | Found an ornate altar of the Wu Jian Council.
  3472 | D:6      | Reached skill level 13 in Long Blades
  3844 | D:6      | Reached skill level 14 in Long Blades
  3981 | D:6      | Reached XP level 9. HP: 51/71 MP: 8/8
  4047 | D:6      | Found a broken altar of Ashenzari.
  4206 | D:6      | Identified the +3 trident of the Onslaught {freeze, Contam
                  | Will+ Str+9 Dex-4}
  4683 | D:7      | Reached skill level 5 in Fighting
  4758 | D:7      | Noticed Menkaure
  4766 | D:7      | Killed Menkaure
  4766 | D:7      | Reached **** piety under Trog
  4970 | D:7      | Noticed Duvessa
  4970 | D:7      | Noticed Dowan
  4990 | D:7      | Killed Duvessa
  4995 | D:7      | Killed Dowan
  4996 | D:7      | Reached skill level 5 in Armour
  5078 | D:7      | Found a staircase to the Ecumenical Temple.
  5352 | D:8      | Reached skill level 5 in Dodging
  5491 | D:8      | Found a stormy altar of Qazlal.
  5670 | D:8      | Reached XP level 10. HP: 79/86 MP: 9/9
  7039 | D:9      | Found a staircase to the Orcish Mines.
  7210 | D:9      | Noticed a two-headed ogre
  7215 | D:9      | Killed a two-headed ogre
  7290 | D:9      | Reached ***** piety under Trog
  7335 | D:9      | Found a large runed translucent door.
  7335 | D:9      | Found a large runed translucent door.
  7336 | D:9      | Noticed kae's ghost (journeyman GrEE)
  7825 | D:10     | Entered Level 10 of the Dungeon
  7858 | D:10     | Found a hide-covered altar of Uskayaw.
  7971 | D:10     | Found a basalt altar of Yredelemnul.
  8035 | D:10     | Noticed a centaur warrior
  8043 | D:10     | Killed a centaur warrior
  8226 | D:10     | Found a shimmering blue altar of Sif Muna.
  8275 | D:10     | Found a staircase to the Lair.
  8398 | D:10     | Noticed a rust devil
  8400 | D:10     | Noticed a sun demon
  8410 | D:10     | Slain by a sun demon

Illustrated notes

Levels and vault maps discovered:
D:1:      eino_arrival_water_star, layout_rooms, patterned_corridor
D:2:      layout_loops_ring, basic_altar
D:3:      layout_basic
D:4:      layout_rooms, kennysheep_little_box
D:5:      layout_loops_ring, chequers_big_river, kennysheep_generic_room_11,
          uniq_grinder
D:6:      layout_loops_ring, nicolae_wu_jian_immortal_techniques,
          lemuel_coloured_pillars_altar, serial_demonic, serial_demonic_a,
          serial_demonic_d, serial_demonic_e, serial_demonic_g
D:7:      layout_rooms, minmay_temple_entry_glassed_door, uniq_menkaure,
          uniq_duvessa
D:8:      layout_basic, nicolae_qazlal_style_of_elements
D:9:      layout_loops_ring, erik_orc_2, ebering_ghost_disaster_area,
          nicolae_titane
D:10:     layout_basic, lemuel_crystal_altar, amcnicky_altar_gilded,
          nicolae_uskayaw_murder_on_the_dancefloor

Skill      XL: |  1  2  3  4  5  6  7  8  9 10 |
---------------+-------------------------------+-----
Long Blades    | 4 5 6 7 8 10 12 14 | 14.0
Fighting       | 4 7 9 |  9.3
Armour         | 3 6 8 |  8.9
Dodging        | 5 8 |  8.1

Action                     |  1- 3 |  4- 6 |  7- 9 | 10-12 || total
---------------------------+-------+-------+-------+-------++-------
  Melee: Falchion          |    62 |   109 |   187 |       ||   358
         Headbutt          |     4 |    21 |    45 |    34 ||   104
         Punch             |       |     1 |     6 |       ||     7
         Long sword        |       |       |    86 |   130 ||   216
 Invoke: Trog's Hand       |       |     3 |       |       ||     3
         Berserk           |       |     1 |       |     1 ||     2
    Use: Scroll            |     3 |     6 |     9 |     6 ||    24
   Stab: Distracted        |       |       |       |     2 ||     2
 Armour: Animal skin       |     1 |       |       |       ||     1
         Scale mail        |    29 |    20 |       |       ||    49
         Plate armour      |       |    46 |   135 |    48 ||   229
  Dodge: Dodged            |    41 |    75 |   129 |    86 ||   331

Table legend: (Time is in decaauts)
 A = Elapsed time spent in this place.
 B = Non-inter-level travel time spent in this place.
 C = Inter-level travel time spent in this place.
 D = Time resting spent in this place.
 E = Time spent auto-exploring this place.
 F = Levels seen in this place.
 G = Mean time per level.
                   A        B        C        D        E       F      G
               +--------+--------+--------+--------+--------+-----+--------+
         Total |   8409 |   8177 |    232 |   1966 |   4638 |  10 |  840.9 |
       Dungeon |   8409 |   8177 |    232 |   1966 |   4638 |  10 |  840.9 |
               +--------+--------+--------+--------+--------+-----+--------+

Top non-repeatable levels by time:
     D:8: 1291 daAuts
     D:6: 1254 daAuts
     D:9: 1227 daAuts
     D:2: 925 daAuts
     D:5: 839 daAuts
     D:7: 663 daAuts
     D:3: 600 daAuts
    D:10: 575 daAuts
     D:1: 541 daAuts
     D:4: 490 daAuts
